cohdb
Replays
Latest Replays
All Replays
Popular Replays
Top Player Replays
Match Explorer
How It Works
Community
CoH3 Stats
Reddit
Sign in to upload your games and track your stats! →
Sign in with Steam
Match 36656836
Unlisted
Match 36656836
Overview
Messages
Build Orders
End
Construct Barracks
Riflemen Squad
Riflemen Squad
Grenade Package
Riflemen Squad
Construct Medical Station
M1 Mortar Team
Selects Advanced Infantry Battlegroup
Selects Convert to Ranger Squad
Selects Artillery Observers
Convert to Ranger Squad
Mechanized Support Center
Riflemen Squad
Construct Tank Depot
M18 Hellcat Tank Destroyer
Convert to Ranger Squad
Designate Forward Repair Station
M4(105) Sherman Bulldozer
M18 Hellcat Tank Destroyer
Construct Weapon Support Center
Convert to Ranger Squad
Improved M9 Bazooka Rockets
Bruistablet
Gaz
BeMo
pensss
0
0
Comments
sign in to comment!
No comments posted yet!